General information
			
			
        
        - name: 1414
 
        - type: Custom game
 
        - host: LoC.SouL
 
        - saver: TIMG4STRok
 
        
map: TurtleRock 
        - players: 10
 
        - length: 22:48
 
        - speed: Fast
 - version: 1.22 W3XP
 - replay type:  

 
» download(104 KB)
Players
        team 1 (loser) 
              
              
MoScrilla (
blue | 121 APM | 2757 actions | 22:45)
              
 4 Archmage 
 2 Summon Water Elemental
 2 Brilliance Aura
 3 Pandaren Brewmaster 
 2 Breath of Fire
 1 Drunken Haze
 4 Paladin 
 2 Holy Light
 2 Divine Shield
 
                » actions 
                
                | Assign group hotkey | 89 |  | 
| Basic commands | 73 |  | 
| Build / train | 85 |  | 
| ESC pressed | 7 |  | 
| Enter build submenu | 23 |  | 
| Enter hero's abilities submenu | 11 |  | 
| Give item / drop item | 4 |  | 
| Right click | 1148 |  | 
| Select / deselect | 528 |  | 
| Select group hotkey | 606 |  | 
| Use ability | 183 |  | 
                2757 total
 » units 
                
                | Peasant | 9 |  | 
| Footman | 6 |  | 
| Priest | 11 |  | 
| Knight | 9 |  | 
| Sorceress | 5 |  | 
                40 total
 » upgrades
                
                | Lumber Harvesting | 1 |  | 
| Priest Training | 2 |  | 
| Animal War Training | 1 |  | 
                4 total
 » buildings
                
                | Altar of Kings | 1 |  | 
| Barracks | 1 |  | 
| Farm | 10 |  | 
| Keep | 4 |  | 
| Arcane Vault | 1 |  | 
| Castle | 1 |  | 
| Lumber Mill | 1 |  | 
| Arcane Sanctum | 2 |  | 
| Blacksmith | 1 |  | 
| Scout Tower | 2 |  | 
| Town Hall | 2 |  | 
                26 total
 » build order
                00:08 Altar of Kings
00:20 Barracks
00:35 Farm
01:05 Farm
01:43 Farm
03:05 Keep
03:06 Keep
03:21 Arcane Vault
04:22 Farm
05:54 Castle
05:56 Lumber Mill
07:10 Arcane Sanctum
07:16 Blacksmith
07:21 Farm
08:10 Scout Tower
08:11 Scout Tower
09:21 Arcane Sanctum
09:45 Farm
09:49 Farm
11:56 Farm
11:59 Farm
12:44 Farm
19:23 Town Hall
21:30 Town Hall
» items
                
                | Scroll of Regeneration | 4 |  | 
| Lesser Clarity Potion | 6 |  | 
| Scroll of Healing | 1 |  | 
| Staff of Sanctuary | 1 |  | 
| Potion of Mana | 1 |  | 
| Scroll of Town Portal | 5 |  | 
                18 total
  
               team 2 (winner) 
              
              
TIMG4STRok (
gray | 163 APM | 3715 actions | 22:48)
              
 5 Archmage 
 3 Summon Water Elemental
 2 Brilliance Aura
 4 Mountain King 
 2 Storm Bolt
 2 Bash
 3 Pandaren Brewmaster 
 2 Breath of Fire
 1 Drunken Brawler
 
                » actions 
                
                | Assign group hotkey | 45 |  | 
| Basic commands | 191 |  | 
| Build / train | 83 |  | 
| Enter build submenu | 22 |  | 
| Enter hero's abilities submenu | 12 |  | 
| Right click | 1799 |  | 
| Select / deselect | 555 |  | 
| Select group hotkey | 896 |  | 
| Use ability | 112 |  | 
                3715 total
 » units 
                
                | Peasant | 23 |  | 
| Footman | 8 |  | 
| Spell Breaker | 6 |  | 
| Priest | 6 |  | 
| Sorceress | 3 |  | 
| Knight | 5 |  | 
                51 total
 » upgrades
                
                | Priest Training | 2 |  | 
| Sorceress Training | 1 |  | 
| Swords | 1 |  | 
| Animal War Training | 1 |  | 
| Plating | 1 |  | 
                6 total
 » buildings
                
                | Altar of Kings | 1 |  | 
| Barracks | 1 |  | 
| Farm | 10 |  | 
| Scout Tower | 1 |  | 
| Arcane Tower | 2 |  | 
| Keep | 2 |  | 
| Arcane Vault | 1 |  | 
| Arcane Sanctum | 2 |  | 
| Lumber Mill | 1 |  | 
| Town Hall | 2 |  | 
| Castle | 1 |  | 
| Blacksmith | 1 |  | 
                25 total
 » build order
                00:06 Altar of Kings
00:12 Barracks
00:17 Farm
00:51 Farm
01:33 Farm
02:07 Scout Tower
02:47 Arcane Tower
04:22 Keep
04:30 Farm
04:55 Arcane Vault
05:40 Farm
07:02 Arcane Sanctum
07:03 Arcane Sanctum
08:22 Farm
09:13 Farm
09:27 Farm
09:44 Lumber Mill
10:58 Town Hall
12:33 Farm
12:46 Castle
13:26 Blacksmith
19:36 Farm
20:31 Town Hall
» items
                
                | Boots of Speed | 1 |  | 
| Potion of Lesser Invulnerability | 1 |  | 
| Scroll of Healing | 1 |  | 
| Scroll of Regeneration | 1 |  | 
| Potion of Mana | 1 |  | 
| Staff of Sanctuary | 1 |  | 
                6 total
  
               observersLoC.SouL, 
SDFWESDER, 
Manners_Or_QQ, 
yourasianLover, 
ihate.archers, 
Koona, 
WeeZy, 
I.Smoke.WeeD Chat log
          (00:15 / All) MoScrilla: lol this is gonna be devastating
(00:33 / All) TIMG4STRok: good luck dont suck
(00:43 / All) MoScrilla: nigga beat you with my dick
(00:47 / All) TIMG4STRok: manner please
(00:58 / All) MoScrilla: lol i like manner faggots like you
(01:00 / All) MoScrilla: very cute
(01:05 / All) TIMG4STRok: i dont know who you are sorry
(01:09 / All) TIMG4STRok: you come in here crying for 1v1
(01:15 / All) MoScrilla: crying?
(01:17 / All) MoScrilla: cause ima rape you
(01:28 / All) TIMG4STRok: i dont know, i was talking to sdfwesder and all i see is you crying 
(01:38 / All) MoScrilla: ya ok
(01:53 / All) MoScrilla: nice mh
(01:56 / All) TIMG4STRok: lmao
(02:05 / All) TIMG4STRok: sorry next game i wont scout
(02:59 / All) MoScrilla: ima put a tower cause im a faggot
(03:01 / All) TIMG4STRok: manner please yourasianlover
(03:27 / All) MoScrilla: rapair
(03:30 / All) MoScrilla: rapair
(04:24 / All) MoScrilla: gonna stalk me now
(04:26 / All) MoScrilla: leave faggot
(05:27 / All) MoScrilla: nice footie
(07:05 / All) MoScrilla: you suck
(08:33 / All) MoScrilla: sad fag get raped
(09:05 / All) MoScrilla: nice nice
(09:14 / All) MoScrilla: didn't need that hero
(09:32 / All) MoScrilla: beat you with out it
(11:41 / All) MoScrilla: cheater
(11:44 / All) TIMG4STRok: ?
(14:50 / All) MoScrilla: ouch
(14:52 / All) MoScrilla: thats a stinger
(15:14 / All) MoScrilla: 3/3/3 jealous?
(15:16 / All) TIMG4STRok: ?
(15:18 / All) MoScrilla: nice sneak
(16:43 / All) TIMG4STRok: woops
(19:28 / All) MoScrilla: this is sad
(19:29 / All) MoScrilla: wow
(20:24 / All) MoScrilla: your so bad and i still manage to lose to you lol
(22:19 / All) TIMG4STRok: thanks for playing
(22:44 / All) MoScrilla: YOUR SO BAD
(22:44 / All) MoScrilla: WOW